 Dungeon Crawl Stone Soup version 0.20.1 (webtiles) character file.

3885 vishdafish the Grappler (level 10, -4/98 HPs)
             Began as a Troll Monk on July 2, 2017.
             Slain by a hippogriff (9 damage)
             ... on level 9 of the Dungeon on July 3, 2017.
             The game lasted 00:11:27 (5408 turns).

vishdafish the Grappler (Troll Monk)                Turns: 5408, Time: 00:11:30

Health: -4/98      AC:  5    Str: 23      XL:     10   Next: 0%
Magic:  0/9        EV: 12    Int:  6      God:
Gold:   373        SH:  0    Dex: 12 (13) Spells: 9/9 levels left

rFire    + . .     SeeInvis .     - Unarmed
rCold    . . .     Gourm    +   (no shield)
rNeg     . . .     Faith    .   z - +0 robe
rPois    .         Spirit   +   (helmet restricted)
rElec    .         Reflect  .   (no cloak)
rCorr    .         Harm     .   (gloves unavailable)
MR       .....                  (boots unavailable)
Stlth    +.........             u - amulet of guardian spirit
Regen    0.7/turn               y - ring of protection from fire
MPRegen  0.2/turn               (no ring)

@: confused
A: unfitting armour, claws 3, fast metabolism 3, gourmand, regeneration 1,
shaggy fur 1, tough skin 2
a: no special abilities


You were on level 9 of the Dungeon.
You were not hungry.

You visited 2 branches of the dungeon, and saw 10 of its levels.

You collected 373 gold pieces.

Inventory:

Armour
 a - a +0 robe
 z - a +0 robe (worn)
Jewellery
 q - an uncursed ring of ice
 u - an amulet of guardian spirit (around neck)
 y - a ring of protection from fire (left claw)
Wands
 v - a wand of disintegration (13/24)
 B - a wand of flame (33/48)
 F - a wand of polymorph (15/24)
Scrolls
 d - 2 scrolls of fog
 e - 2 scrolls of immolation
 g - 4 scrolls of remove curse
 k - a scroll of enchant weapon {unknown}
 m - 3 scrolls of blinking
 n - a scroll of random uselessness {unknown}
 x - 3 scrolls of teleportation {unknown}
 E - a scroll of noise {unknown}
Potions
 f - 3 potions of ambrosia
 h - a potion of cancellation
 j - a potion of resistance {unknown}
 l - 3 potions of degeneration
 p - a potion of flight
 r - a potion of invisibility {unknown}
 s - 2 potions of brilliance {unknown}
 t - 5 potions of curing {unknown}
 C - a potion of lignification {unknown}
Books
 A - a book of Geomancy

   Spells                             Type                      Level
   a - Sandblast                      Earth                        1
   b - Passwall                       Transmutation/Earth          2
   c - Stone Arrow                    Conjuration/Earth            3
   d - Petrify                        Transmutation/Earth          4
   e - Lee's Rapid Deconstruction     Earth                        5
 D - a Young Poisoner's Handbook

   Spells                             Type                      Level
   a - Sting                          Conjuration/Poison           1
   b - Poisonous Vapours              Poison/Air                   2
   c - Mephitic Cloud                 Conjuration/Poison/Air       3
   d - Olgreb's Toxic Radiance        Poison                       4
   e - Venom Bolt                     Conjuration/Poison           5
Comestibles
 b - 10 bread rations
 c - 3 fruits
 i - 5 royal jellies
 w - 2 meat rations


   Skills:
 + Level 6.2 Fighting
 + Level 6.1 Dodging
 - Level 2.1 Stealth
 * Level 10.6 Unarmed Combat


You had 9 spell levels left.
You didn't know any spells.

Dungeon Overview and Level Annotations

Branches:
Dungeon (9/15)             Temple (1/1) D:6
   Lair: D:8-11         Orc: D:9-12

Altars:
Ashenzari
Cheibriados
Dithmenos
Elyvilon
Fedhas
Gozag
Hepliaklqana
Kikubaaqudgha
Makhleb
Nemelex Xobeh
Okawaru
Qazlal
Ru
Sif Muna
Trog
Uskayaw
Vehumet
Xom
Yredelemnul
Zin
The Shining One


Innate Abilities, Weirdness & Mutations

You are too large for most types of armour.
You have claws for hands.
Your metabolism is lightning-fast.
You like to eat raw meat.
Your natural rate of healing is unusually fast.
You are covered in fur. (AC +1)
You have very tough skin. (AC +2)


Message History

You're too confused to move!
The orc warrior hits you with a mace!
* * * LOW HITPOINT WARNING * * *
You hear some strange, mumbled words.
You are more confused.
A bullfrog comes into view.
You feel much better.
The bullfrog gives a loud, deep croak!
The orc closely misses you. The orc warrior hits you with a mace!
* * * LOW HITPOINT WARNING * * *
Something hits you.
* * * LOW HITPOINT WARNING * * *
The orc barely misses you. The orc warrior hits you with a mace.
* * * LOW HITPOINT WARNING * * *
Something hits you.
* * * LOW HITPOINT WARNING * * *
The hippogriff bites you!
* * * LOW HITPOINT WARNING * * *
The hippogriff pecks you but does no damage.
The hippogriff claws you!
You die...

P.....P..#########
....P...#........#
PP.PP...#........#
PPP.P.PP..........# ..
).................# ...#
............F.....# #..#
..................# #..#
............{H....# #..#
...........oo@....# ..#
............#..<#######.##
......).....#............#####
......).....#.................
............#..........#.#.#.#
....##+######.##########.....#
.... #.# #........## ## #.#
#........## #. #........#.


You could see a hippogriff, an orc warrior, a bullfrog and an orc.

Vanquished Creatures
  Joseph (D:8)
  A hippogriff (D:7)
  Sigmund (D:3)
  A spriggan (D:7)
  A hungry ghost (D:7)
  A sky beast (D:4)
  3 orc warriors
  An ice beast (D:8)
  2 ogres
  2 phantoms
  3 centaurs
  A big kobold (D:7)
  8 bullfrogs
  5 howler monkeys
  5 crimson imps
  A quasit (D:8)
  5 hounds
  3 jellies (D:7)
  4 orc wizards
  Terence (D:2)
  An iguana (D:4)
  Natasha (twice) (D:3)
  6 worker ants
  2 hound zombies
  A hound skeleton (D:4)
  A worker ant zombie (D:6)
  6 adders
  A howler monkey skeleton (D:7)
  4 shadow imps
  An ooze (D:6)
  2 adder zombies
  An adder skeleton (D:2)
  4 worms
  7 dart slugs
  4 leopard geckos
  23 orcs
  2 ball pythons (D:2)
  A bat skeleton (D:2)
  6 giant cockroaches
  6 goblins
  7 hobgoblins
  9 jackals
  3 quokkas
  A ball python skeleton (D:2)
  9 bats
  3 frilled lizards
  A jackal skeleton (D:7)
  10 kobolds
  A leopard gecko zombie (D:8)
  A quokka zombie (D:5)
  4 rats
180 creatures vanquished.

Vanquished Creatures (others)
  A fungus (D:9)
1 creature vanquished.

Grand Total: 181 creatures vanquished

Notes
Turn   | Place    | Note
-------+----------+-------------------------------------------
     0 | D:1      | vishdafish the Troll Monk began the quest for the Orb.
     0 | D:1      | Reached XP level 1. HP: 22/22 MP: 0/0
   197 | D:1      | Reached XP level 2. HP: 29/29 MP: 1/1
   476 | D:2      | Reached XP level 3. HP: 28/36 MP: 2/2
   708 | D:2      | Noticed Terence
   724 | D:2      | Killed Terence
   724 | D:2      | Reached XP level 4. HP: 23/44 MP: 3/3
   831 | D:2      | Reached skill level 4 in Unarmed Combat
  1240 | D:3      | Noticed Natasha
  1248 | D:3      | Killed Natasha
  1248 | D:3      | Reached XP level 5. HP: 45/52 MP: 1/4
  1255 | D:3      | Noticed Natasha
  1259 | D:3      | Killed Natasha
  1352 | D:3      | Noticed Sigmund
  1359 | D:3      | Killed Sigmund
  1359 | D:3      | Reached skill level 5 in Unarmed Combat
  1359 | D:3      | Reached XP level 6. HP: 52/61 MP: 5/5
  1676 | D:4      | Noticed a sky beast
  1686 | D:4      | Killed a sky beast
  1686 | D:4      | Reached skill level 6 in Unarmed Combat
  1686 | D:4      | Reached XP level 7. HP: 55/67 MP: 4/6
  1877 | D:5      | Entered Level 5 of the Dungeon
  2106 | D:5      | Reached skill level 7 in Unarmed Combat
  2250 | D:5      | Reached XP level 8. HP: 75/78 MP: 7/7
  2598 | D:6      | Found a staircase to the Ecumenical Temple.
  2611 | Temple   | Entered the Ecumenical Temple
  2869 | D:6      | Reached skill level 8 in Unarmed Combat
  3246 | D:7      | Noticed a hippogriff
  3251 | D:7      | Killed a hippogriff
  3281 | D:7      | Reached skill level 5 in Dodging
  3282 | D:7      | Reached skill level 9 in Unarmed Combat
  3347 | D:7      | Reached skill level 5 in Fighting
  3347 | D:7      | Reached XP level 9. HP: 86/88 MP: 6/8
  4271 | D:8      | Reached skill level 10 in Unarmed Combat
  4407 | D:8      | Noticed Joseph
  4672 | D:8      | Killed Joseph
  5366 | D:9      | Reached XP level 10. HP: 97/98 MP: 9/9
  5405 | D:9      | HP: 4/98 [orc warrior/mace (7)]
  5408 | D:9      | Slain by a hippogriff

Skill      XL: |  1  2  3  4  5  6  7  8  9 |
---------------+----------------------------+-----
Dodging        | 3 4 5 6 |  6.1
Unarmed Combat | 4 5 6 7 9 10 | 10.6
Fighting       | 3 5 6 |  6.2
Stealth        | 2 |  2.1

Action                   |  1- 3 |  4- 6 |  7- 9 | 10-12 || total
-------------------------+-------+-------+-------+-------++-------
Melee: Unarmed           |   106 |   113 |   314 |    15 ||   548
       Punch             |     1 |     4 |     8 |       ||    13
  Use: Scroll            |       |       |    10 |       ||    10
       Potion            |       |       |       |     1 ||     1
 Stab: Sleeping          |     2 |     4 |     6 |       ||    12
  Eat: Chunk             |     6 |    15 |    28 |       ||    49
Armor: Robe              |    38 |    21 |    78 |     8 ||   145
Dodge: Dodged            |    47 |    58 |   201 |    14 ||   320
